| TOP OF THE 1ST |
|
Birmingham Barons batting - Pitching for Bowie Baysox : LHP Mark Gehring
|
|
Pitching: LHP Mark Gehring
|
|
|
Batting: RHB Ron Johansen
|
0-0: Swinging Strike 0-1: Ball 1-1: Swinging Strike 1-2: Strikes out swinging
|
|
Batting: RHB Fletcher Easter
|
0-0: Swinging Strike 0-1: Fly out, F8 (Flyball, 89S, EV 73.1 MPH)
|
|
Batting: RHB Mike Savage
|
0-0: Fly out, F8 (Flyball, 8RD, EV 86.2 MPH)
|
| Top of the 1st over - 0 runs, 0 hits, 0 errors, 0 left on base; Birmingham 0 - Bowie 0 |
| BOTTOM OF THE 1ST |
|
Bowie Baysox batting - Pitching for Birmingham Barons : RHP Roberto Preciado
|
|
Pitching: RHP Roberto Preciado
|
|
|
Batting: LHB Tsutomu Miyahara
|
0-0: Ball 1-0: Swinging Strike 1-1: Ball 2-1: Foul Ball, location: 2F 2-2: Strikes out swinging
|
|
Batting: LHB Ben Goldstein
|
0-0: Foul Ball, location: 2F 0-1: Foul Ball, location: 2F 0-2: Foul Ball, location: 2F 0-2: Foul Ball, location: 2F 0-2: DOUBLE (Line Drive, 9LM, EV 112.5 MPH)
|
|
Batting: RHB Muneer Maudad
|
0-0: Foul Ball, location: 2F 0-1: Ball 1-1: Swinging Strike 1-2: Ball 2-2: Strikes out swinging
|
|
Batting: LHB Jose Chinchilla
|
0-0: Swinging Strike 0-1: Ball 1-1: Foul Ball, location: 2F 1-2: Ground out 6-3 (Groundball, 4MS, EV 85.0 MPH)
|
| Bottom of the 1st over - 0 runs, 1 hit, 0 errors, 1 left on base; Birmingham 0 - Bowie 0 |
| TOP OF THE 2ND |
|
Birmingham Barons batting - Pitching for Bowie Baysox : LHP Mark Gehring
|
|
Batting: LHB Joe Kirkland
|
0-0: Called Strike 0-1: Called Strike 0-2: Strikes out swinging
|
|
Batting: RHB Danny Heikkila
|
0-0: Ball 1-0: Swinging Strike 1-1: Ball 2-1: Foul Ball, location: 2F 2-2: Ball 3-2: Base on Balls
|
|
Batting: LHB Jason Bell
|
0-0: Ball 1-0: Called Strike Danny Heikkila is caught stealing 2nd base 2-6 1-1: Ball 2-1: Fly out, F6 (Popup, 6M, EV 56.2 MPH)
|
| Top of the 2nd over - 0 runs, 0 hits, 0 errors, 0 left on base; Birmingham 0 - Bowie 0 |
| BOTTOM OF THE 2ND |
|
Bowie Baysox batting - Pitching for Birmingham Barons : RHP Roberto Preciado
|
|
Batting: RHB Kory Sanchez
|
0-0: Ball 1-0: Ball 2-0: Ball 3-0: Base on Balls
|
|
Batting: SHB Ben Pierce
|
0-0: Ball 1-0: Called Strike 1-1: Foul Ball, location: 2F 1-2: Ball 2-2: SINGLE (Groundball, 34D, EV 94.4 MPH) Kory Sanchez to second Runner from 2nd tries for 3rd, SAFE, throw by RF made at trailing runner, OUT! 9-6
|
|
Batting: LHB Matt Patnaude
|
0-0: Called Strike 0-1: Ball 1-1: Ball 2-1: Ground out U3 (Groundball, 34, EV 86.2 MPH) Kory Sanchez scores
|
|
Batting: RHB Travis Leonard
|
0-0: Ball 1-0: Ball 2-0: Called Strike 2-1: SINGLE (Line Drive, 89S, EV 106.2 MPH)
|
|
Batting: RHB Ken Jenkins
|
0-0: Called Strike 0-1: Ball 1-1: Ball 2-1: Swinging Strike 2-2: Ball 3-2: Foul Ball, location: 2F 3-2: Strikes out looking
|
| Bottom of the 2nd over - 1 run, 2 hits, 0 errors, 1 left on base; Birmingham 0 - Bowie 1 |
| TOP OF THE 3RD |
|
Birmingham Barons batting - Pitching for Bowie Baysox : LHP Mark Gehring
|
|
Batting: LHB Herkko Haavikko
|
0-0: Called Strike 0-1: Fly out, F9 (Line Drive, 89S, EV 95.6 MPH)
|
|
Batting: SHB Josh Conner
|
0-0: Ground out 6-3 (Groundball, 6, EV 83.8 MPH)
|
|
Batting: RHB John Iddings
|
0-0: Swinging Strike 0-1: Ball 1-1: Ball 2-1: Ball 3-1: Fly out, F8 (Flyball, 78M, EV 98.1 MPH)
|
| Top of the 3rd over - 0 runs, 0 hits, 0 errors, 0 left on base; Birmingham 0 - Bowie 1 |
| BOTTOM OF THE 3RD |
|
Bowie Baysox batting - Pitching for Birmingham Barons : RHP Roberto Preciado
|
|
Batting: LHB Tsutomu Miyahara
|
0-0: Ball 1-0: Ball 2-0: Called Strike 2-1: Ball 3-1: Called Strike 3-2: SOLO HOME RUN (Flyball, 9D, EV 97.5 MPH), Distance : 384 ft
|
|
Batting: LHB Ben Goldstein
|
0-0: Foul Ball, location: 2F 0-1: Foul Ball, location: 2F 0-2: Foul Ball, location: 2F 0-2: Fly out, F7 (Flyball, 78M, EV 93.8 MPH)
|
|
Batting: RHB Muneer Maudad
|
0-0: Called Strike 0-1: SINGLE (Line Drive, 6MD, EV 106.2 MPH)
|
|
Batting: LHB Jose Chinchilla
|
0-0: Called Strike 0-1: Swinging Strike 0-2: Ball 1-2: Ball 2-2: Fielders Choice at 2nd, 6-4 (Groundball, 6, EV 85.6 MPH)
|
|
Batting: RHB Kory Sanchez
|
0-0: Ball 1-0: Called Strike 1-1: Ball 2-1: Foul Ball, location: 2F 2-2: Ball Wild Pitch! Jose Chinchilla to second 3-2: Strikes out swinging
|
| Bottom of the 3rd over - 1 run, 2 hits, 0 errors, 1 left on base; Birmingham 0 - Bowie 2 |
| TOP OF THE 4TH |
|
Birmingham Barons batting - Pitching for Bowie Baysox : LHP Mark Gehring
|
|
Batting: RHB Ron Johansen
|
0-0: Ball 1-0: Ball 2-0: Ball 3-0: SINGLE (Flyball, 4D, EV 86.2 MPH)
|
|
Batting: RHB Fletcher Easter
|
0-0: Reached on error, E1 (Groundball, 34S, EV 66.9 MPH) Ron Johansen to second
|
|
Batting: RHB Mike Savage
|
0-0: Called Strike 0-1: Foul Ball, location: 2F 0-2: Ball 1-2: Strikes out swinging
|
|
Batting: LHB Joe Kirkland
|
0-0: DOUBLE (Flyball, 78XD, EV 113.1 MPH) Ron Johansen scores Fletcher Easter to third
|
|
Batting: RHB Danny Heikkila
|
0-0: Ground out 6-3 (Groundball, 6, EV 79.4 MPH) Fletcher Easter scores Joe Kirkland to third
|
|
Batting: LHB Jason Bell
|
0-0: Ball 1-0: Ground out 4-3 (Groundball, 4S, EV 66.9 MPH)
|
| Top of the 4th over - 2 runs, 2 hits, 1 error, 1 left on base; Birmingham 2 - Bowie 2 |
| BOTTOM OF THE 4TH |
|
Bowie Baysox batting - Pitching for Birmingham Barons : RHP Roberto Preciado
|
|
Batting: SHB Ben Pierce
|
0-0: Ball 1-0: Called Strike 1-1: Ball 2-1: Ball 3-1: Base on Balls
|
|
Batting: LHB Matt Patnaude
|
0-0: Ball 1-0: Grounds into double play, 5-4-3 (Groundball, 5, EV 103.1 MPH)
|
|
Batting: RHB Travis Leonard
|
0-0: Ball 1-0: Called Strike 1-1: Foul Ball, location: 2F 1-2: Fly out, F7 (Flyball, 7, EV 89.4 MPH)
|
| Bottom of the 4th over - 0 runs, 0 hits, 0 errors, 0 left on base; Birmingham 2 - Bowie 2 |
| TOP OF THE 5TH |
|
Birmingham Barons batting - Pitching for Bowie Baysox : LHP Mark Gehring
|
|
Batting: LHB Herkko Haavikko
|
0-0: Called Strike 0-1: Swinging Strike 0-2: Ball 1-2: Ball 2-2: Strikes out looking
|
|
Batting: SHB Josh Conner
|
0-0: Called Strike 0-1: Ball 1-1: Fly out, F3 (Popup, 3, EV 60.0 MPH)
|
|
Batting: RHB John Iddings
|
0-0: Swinging Strike 0-1: Ball 1-1: Ball 2-1: Called Strike 2-2: Ball 3-2: Base on Balls
|
|
Batting: RHB Ron Johansen
|
0-0: Ball 1-0: Ball 2-0: Foul Ball, location: 2F 2-1: Ball 3-1: Foul Ball, location: 2F 3-2: Fly out, F9 (Flyball, 89M, EV 81.2 MPH)
|
| Top of the 5th over - 0 runs, 0 hits, 0 errors, 1 left on base; Birmingham 2 - Bowie 2 |
| BOTTOM OF THE 5TH |
|
Bowie Baysox batting - Pitching for Birmingham Barons : RHP Roberto Preciado
|
|
Batting: RHB Ken Jenkins
|
0-0: Ball 1-0: Fly out, F6 (Popup, 6, EV 71.9 MPH)
|
|
Batting: LHB Tsutomu Miyahara
|
0-0: Called Strike 0-1: Ball 1-1: Ball 2-1: Called Strike 2-2: Ball 3-2: SINGLE (Groundball, 56, EV 95.0 MPH)
|
|
Batting: LHB Ben Goldstein
|
0-0: Swinging Strike 0-1: Ball 1-1: Ball 2-1: Swinging Strike 2-2: DOUBLE (Line Drive, 3D, EV 98.1 MPH) Tsutomu Miyahara to third Runner from 3rd tries for Home, SAFE, throw by RF to home
|
|
Batting: RHB Muneer Maudad
|
0-0: Ball 1-0: Fly out, F8 (Flyball, 8RS, EV 90.0 MPH)
|
|
Batting: LHB Jose Chinchilla
|
0-0: Ball 1-0: Foul Ball, location: 2F 1-1: Ball 2-1: Ground out 4-3 (Groundball, 4M, EV 104.4 MPH)
|
| Bottom of the 5th over - 1 run, 2 hits, 0 errors, 1 left on base; Birmingham 2 - Bowie 3 |
| TOP OF THE 6TH |
|
Birmingham Barons batting - Pitching for Bowie Baysox : LHP Mark Gehring
|
|
Batting: RHB Fletcher Easter
|
0-0: Called Strike 0-1: Foul Ball, location: 2F 0-2: Strikes out looking
|
|
Batting: RHB Mike Savage
|
0-0: Foul Ball, location: 2F 0-1: Foul Ball, location: 2F 0-2: Ball 1-2: Ground out 6-3 (Groundball, 6, EV 94.4 MPH)
|
|
Batting: LHB Joe Kirkland
|
0-0: Ball 1-0: Ball 2-0: Called Strike 2-1: Ground out 4-3 (Groundball, 4, EV 90.6 MPH)
|
| Top of the 6th over - 0 runs, 0 hits, 0 errors, 0 left on base; Birmingham 2 - Bowie 3 |
| BOTTOM OF THE 6TH |
|
Bowie Baysox batting - Pitching for Birmingham Barons : RHP Roberto Preciado
|
|
Batting: RHB Kory Sanchez
|
0-0: Ground out 6-3 (Groundball, 6, EV 98.8 MPH)
|
|
Batting: SHB Ben Pierce
|
0-0: Foul Ball, location: 2F 0-1: Ball 1-1: SINGLE (Groundball, 34D, EV 100.0 MPH)
|
|
Pitching: LHP Silas Chartier
|
|
|
Batting: LHB Matt Patnaude
|
0-0: Grounds into double play, 5-4-3 (Groundball, 15, EV 89.4 MPH)
|
| Bottom of the 6th over - 0 runs, 1 hit, 0 errors, 0 left on base; Birmingham 2 - Bowie 3 |
| TOP OF THE 7TH |
|
Birmingham Barons batting - Pitching for Bowie Baysox : LHP Mark Gehring
|
|
Batting: RHB Danny Heikkila
|
0-0: Ball 1-0: Called Strike 1-1: Fly out, F7 (Flyball, 78S, EV 90.0 MPH)
|
|
Batting: LHB Jason Bell
|
0-0: Called Strike 0-1: Ball 1-1: Called Strike 1-2: Ball 2-2: Foul Ball, location: 2F 2-2: Strikes out swinging
|
|
Batting: LHB Herkko Haavikko
|
0-0: Ball 1-0: Foul Ball, location: 2F 1-1: Swinging Strike 1-2: Strikes out swinging
|
| Top of the 7th over - 0 runs, 0 hits, 0 errors, 0 left on base; Birmingham 2 - Bowie 3 |
| BOTTOM OF THE 7TH |
|
Bowie Baysox batting - Pitching for Birmingham Barons : LHP Silas Chartier
|
|
Batting: RHB Travis Leonard
|
0-0: Called Strike 0-1: Ground out 4-3 (Groundball, 4, EV 89.4 MPH)
|
|
Batting: RHB Ken Jenkins
|
0-0: Ball 1-0: Foul Ball, location: 2F 1-1: Ball 2-1: Swinging Strike 2-2: Ball 3-2: Strikes out swinging
|
|
Batting: LHB Tsutomu Miyahara
|
0-0: Ball 1-0: Swinging Strike 1-1: Foul Ball, location: 2F 1-2: Strikes out looking
|
| Bottom of the 7th over - 0 runs, 0 hits, 0 errors, 0 left on base; Birmingham 2 - Bowie 3 |
| TOP OF THE 8TH |
|
Birmingham Barons batting - Pitching for Bowie Baysox : LHP Mark Gehring
|
|
Pitching: RHP Andy Rondeau
|
|
|
Batting: SHB Josh Conner
|
0-0: Called Strike 0-1: Ball 1-1: Fly out, F5 (Popup, 56S, EV 68.1 MPH)
|
|
Pinch Hitting: LHB Alex Mendoza
|
0-0: Called Strike 0-1: Ball 1-1: Ball 2-1: Called Strike 2-2: Ball 3-2: Strikes out looking
|
|
Batting: RHB Ron Johansen
|
0-0: Called Strike 0-1: Ball 1-1: Called Strike 1-2: Ball 2-2: Ball 3-2: Strikes out swinging
|
| Top of the 8th over - 0 runs, 0 hits, 0 errors, 0 left on base; Birmingham 2 - Bowie 3 |
| BOTTOM OF THE 8TH |
|
Bowie Baysox batting - Pitching for Birmingham Barons : LHP Silas Chartier
|
|
Now at 3B: Matt Childers
|
|
|
Now at SS: Josh Conner
|
|
|
Batting: LHB Ben Goldstein
|
0-0: Called Strike 0-1: Ball 1-1: Ground out 6-3 (Groundball, 6, EV 90.6 MPH)
|
|
Batting: RHB Muneer Maudad
|
0-0: Ball 1-0: Swinging Strike 1-1: Ball 2-1: Foul Ball, location: 2F 2-2: Fly out, F9 (Flyball, 9S, EV 91.9 MPH)
|
|
Batting: LHB Jose Chinchilla
|
0-0: Ball 1-0: Ground out 4-3 (Groundball, 4S, EV 90.0 MPH)
|
| Bottom of the 8th over - 0 runs, 0 hits, 0 errors, 0 left on base; Birmingham 2 - Bowie 3 |
| TOP OF THE 9TH |
|
Birmingham Barons batting - Pitching for Bowie Baysox : RHP Andy Rondeau
|
|
Pitching: RHP Craig Potter
|
|
|
Now at 1B: Jordan Wallace
|
|
|
Batting: RHB Fletcher Easter
|
0-0: SINGLE (Line Drive, 78M, EV 101.9 MPH)
|
|
Batting: RHB Mike Savage
|
0-0: Ball 1-0: Ball 2-0: Swinging Strike 2-1: Swinging Strike 2-2: Ball 3-2: Fly out, F3 (Popup, 3F, EV 73.8 MPH)
|
|
Batting: LHB Joe Kirkland
|
0-0: Ball 1-0: Ball 2-0: Called Strike 2-1: Ball 3-1: 2-RUN HOME RUN (Flyball, 89XD, EV 106.9 MPH), Distance : 411 ft
|
|
Batting: RHB Danny Heikkila
|
0-0: Ball 1-0: Called Strike 1-1: Ball 2-1: SINGLE (Groundball, 6MD, EV 105.0 MPH)
|
|
Batting: LHB Jason Bell
|
0-0: Called Strike 0-1: Ball 1-1: SINGLE (Flyball, 6D, EV 88.8 MPH) Danny Heikkila to second
|
|
Pitching: RHP Shane Kruger
|
|
|
Batting: LHB Herkko Haavikko
|
0-0: Ball 1-0: Swinging Strike 1-1: Ball 2-1: Foul Ball, location: 2F 2-2: Strikes out swinging
|
|
Batting: SHB Josh Conner
|
0-0: Foul Ball, location: 2F 0-1: Ball 1-1: Swinging Strike 1-2: Ball 2-2: Fly out, F7 (Flyball, 78XD, EV 87.5 MPH)
|
| Top of the 9th over - 2 runs, 4 hits, 0 errors, 2 left on base; Birmingham 4 - Bowie 3 |
| BOTTOM OF THE 9TH |
|
Bowie Baysox batting - Pitching for Birmingham Barons : LHP Silas Chartier
|
|
Pitching: RHP Dave McGee
|
|
|
Batting: RHB Kory Sanchez
|
0-0: Called Strike 0-1: Ground out 5-3 (Groundball, 5L, EV 98.1 MPH)
|
|
Batting: RHB Jordan Wallace
|
0-0: Ball 1-0: Called Strike 1-1: Ball 2-1: Foul Ball, location: 2F 2-2: Ground out 6-3 (Groundball, 6M, EV 78.8 MPH)
|
|
Batting: LHB Matt Patnaude
|
0-0: Foul Ball, location: 2F 0-1: SINGLE (Groundball, 6, EV 93.8 MPH)
|
|
Batting: RHB Travis Leonard
|
0-0: Ball 1-0: Ball 2-0: Called Strike 2-1: Called Strike 2-2: Strikes out looking
|
| Bottom of the 9th over - 0 runs, 1 hit, 0 errors, 1 left on base; Birmingham 4 - Bowie 3 |
|